 Dungeon Crawl Stone Soup version 0.28-a0-631-g0446da8ef9 (webtiles) character file.

Game seed: 838836657811837351

5073 rogsnak the Thaumaturge (level 10, -5/74 HPs)
             Began as a Gnoll Hedge Wizard on Oct 9, 2021.
             Was a Believer of Sif Muna.
             Slain by a death yak (26 damage)
             ... on level 9 of the Dungeon.
             The game lasted 00:25:25 (12451 turns).

rogsnak the Thaumaturge (Gnoll Hedge Wizard)       Turns: 12451, Time: 00:25:26

Health: -5/74      AC:  8    Str: 11    XL:     10   Next: 56%
Magic:  29/32      EV: 13    Int: 22    God:    Sif Muna [**....]
Gold:   390        SH:  0    Dex: 11    Spells: 17/27 levels left

rFire   . . .      SeeInvis .   v - +0 halberd (venom)
rCold   . . .      Faith    .   (shield currently unavailable)
rNeg    . . .      Spirit   .   M - +1 leather armour of Fedhas's Benevolence {Slay+2}
rPois   .          Reflect  .   c - +0 hat
rElec   .          Harm     .   o - +0 cloak
rCorr   .          Rampage  .   L - +0 pair of gloves
Will    .....                   w - +0 pair of boots
Stlth   +++.......              (no amulet)
HPRegen 0.22/turn               A - +6 ring of intelligence
MPRegen 0.23/turn               U - ring of magical power

@: no status effects
A: fangs 1, strong nose, distributed training
a: Renounce Religion, Channel Magic


You were on level 9 of the Dungeon.
You worshipped Sif Muna.
Sif Muna was pleased with you.
You visited 2 branches of the dungeon, and saw 11 of its levels.
You also visited: Ossuary.

You collected 390 gold pieces.

Inventory:

Hand Weapons
 h - a +5 battleaxe
 v - a +0 halberd of venom (weapon)
 y - a +0 short sword of electrocution
 W - a +3 spear of freezing
Missiles
 i - 117 sling bullets
 s - 117 arrows
 u - 43 poisoned darts
 P - 3 boomerangs of dispersal
Armour
 b - +0 steam dragon scales
 c - a +0 hat (worn)
 f - +0 acid dragon scales
 o - a +0 cloak (worn)
 w - a +0 pair of boots (worn)
 z - a +4 ring mail
 L - a +0 pair of gloves (worn)
 M - the +1 leather armour of Fedhas's Benevolence (worn) {Slay+2}
   (You found it on level 6 of the Dungeon)

   Slay:      It affects your accuracy & damage with ranged weapons and melee
   (+2).
 X - a +0 buckler
Magical Staves
 t - a staff of conjuration
Jewellery
 a - a ring of protection from fire
 A - a +6 ring of intelligence (left hand)
 U - a ring of magical power (right hand)
 Y - a ring of protection from fire
Wands
 q - a wand of polymorph (4)
 r - a wand of mindburst (9)
 F - a wand of acid (5)
 J - a wand of iceblast (16)
 N - a wand of flame (9)
Scrolls
 d - 4 scrolls of teleportation {unknown}
 e - 9 scrolls of identify {unknown}
 j - a scroll of fear {unknown}
 k - 4 scrolls of amnesia {unknown}
 m - a scroll of torment {unknown}
 n - a scroll of enchant weapon {unknown}
 p - 6 scrolls of immolation {unknown}
 C - 2 scrolls of noise {unknown}
 E - 5 scrolls of enchant armour {unknown}
 I - a scroll of silence {unknown}
 Q - 2 scrolls of brand weapon {unknown}
 R - a scroll of acquirement {unknown}
 S - a scroll of vulnerability {unknown}
 V - a scroll of holy word {unknown}
 Z - a scroll of summoning {unknown}
Potions
 g - 3 potions of magic {unknown}
 l - 3 potions of cancellation {unknown}
 x - 2 potions of haste {unknown}
 B - 5 potions of curing {unknown}
 D - 3 potions of heal wounds {unknown}
 G - 3 potions of attraction {unknown}
 H - 4 potions of brilliance {unknown}
 K - 3 potions of degeneration {unknown}
 O - 2 potions of might
 T - a potion of lignification {unknown}


   Skills:
 + Level 5.4 Fighting
 + Level 5.4 Short Blades
 + Level 5.4 Long Blades
 + Level 5.4 Axes
 + Level 5.4 Maces & Flails
 + Level 5.4 Polearms
 + Level 5.4 Staves
 + Level 5.4 Slings
 + Level 5.4 Bows
 + Level 5.4 Crossbows
 + Level 5.4 Throwing
 + Level 5.4 Armour
 + Level 7.1 Dodging
 + Level 6.9 Stealth
 + Level 5.4 Shields
 + Level 5.4 Unarmed Combat
 + Level 9.0 Spellcasting
 + Level 5.0 Conjurations
 + Level 4.4 Hexes
 + Level 5.0 Summonings
 + Level 4.4 Necromancy
 + Level 5.0 Translocations
 + Level 4.4 Transmutations
 + Level 4.4 Fire Magic
 + Level 4.4 Ice Magic
 + Level 4.4 Air Magic
 + Level 4.4 Earth Magic
 + Level 4.4 Poison Magic
 + Level 5.9 Invocations
 + Level 5.4 Evocations


You had 17 spell levels left.
You knew the following spells:

 Your Spells              Type           Power      Damage    Failure   Level
a - Magic Dart            Conj           100%       1d8       1%          1
b - Blink                 Tloc           N/A        N/A       1%          2
c - Mephitic Cloud        Conj/Pois/Air  30%        N/A       3%          3
d - Flame Wave            Conj/Fire      30%        3d7       12%         4

Your spell library contained the following spells:

 Spells                   Type           Power      Damage    Failure   Level
 Animate Skeleton         Necr           58%        N/A       1%          1
 Apportation              Tloc           64%        N/A       1%          1
 Summon Small Mammal      Summ           100%       N/A       1%          1
 Call Imp                 Summ           32%        N/A       1%          2
 Scorch                   Fire           58%        2d8       1%          2
 Slow                     Hex            29%        N/A       1%          2
 Conjure Flame            Conj/Fire      30%        6-21      3%          3
 Summon Cactus Giant      Summ           16%        N/A       86%         6


Dungeon Overview and Level Annotations

Branches:
Dungeon (10/15)            Temple (1/1) D:4            Lair (0/6) D:10
    Orc (0/2) D:9         Ossuary (visited)

Altars:
Cheibriados
Dithmenos
Elyvilon
Hepliaklqana
Kikubaaqudgha
Makhleb
Okawaru
Qazlal
Ru
Sif Muna
Uskayaw
Xom
Yredelemnul
The Shining One

Shops:
D:6 (


Innate Abilities, Weirdness & Mutations

You have very sharp teeth.
Your uncanny sense of smell can sniff out nearby items.
Your experience applies equally to all skills.


Message History

Aiming: Throw Flame
Press: ? - help, Shift-Dir - straight line, f/p - death yak
Aim: a death yak (heavily wounded, confused, 100% to hit)
The puff of flame hits the death yak.
The death yak is heavily wounded.
Unknown command.
Aiming: Throw Flame
Press: ? - help, Shift-Dir - straight line, f/p - death yak
Aim: a death yak (heavily wounded, confused, 100% to hit)
The puff of flame hits the death yak!
The death yak is heavily wounded.
Unknown command.
The death yak seems less confused.
The death yak snorts and paws the ground.
Casting: Mephitic Cloud (dangerous; 3% risk of failure)
Confirm with . or Enter, or press ? or * to list all spells.
You blink.
Unknown command.
There is a stone staircase leading down here.
You climb downwards.
The death yak bellows! x2
The shadow slips into darkness.
The shadow flickers and vanishes!
Deactivating autopickup; reactivate with Ctrl-A.
There is a stone staircase leading up here.
Unknown command.
The death yak gores you!!
* * * LOW HITPOINT WARNING * * *
The death yak barely misses you.
You climb upwards.
Reactivating autopickup.
There is a stone staircase leading down here.
Unknown command.
Casting: Blink (safe; 1% risk of failure)
Confirm with . or Enter, or press ? or * to list all spells.
You blink.
Unknown command.
There is an escape hatch in the ceiling here.
The death yak gores you!!
You die...

#.##..######>Y.#########..#
#.##..................##.##
#.###.######.#Y##.###.##.#
#.# #.# #.[........##.# #.#
#.# #.####Y###.##.# #.# #.#
#.# #.# #.##.# #.# #.# #.#
##Y###.##.# #.###.# #.#
#Y........# #..##.#
#.###@.###.####
##.##.######.##...# #.#
#.##............## #.#
#.#########.##.#####.# #.#
#.#.....##.# #.#
##...###....# #.# #....#
#....# #.# #.##.###.####
#.# #.##.....#


You could see 3 death yaks.

Vanquished Creatures
  Pikel (D:5)
  Sigmund (D:6)
  A yak (D:8)
  A wyvern (D:9)
  A vampire (D:10)
  2 steam dragons
  Eustachio (D:6)
  An acid dragon (D:9)
  Edmund (D:5)
  A water moccasin (D:8)
  Duvessa (D:4)
  3 sky beasts
  3 orc warriors
  2 ice beasts
  3 ogres
  3 centaurs (D:9)
  A lemure (D:5)
  Blork the orc (D:6)
  2 kobold brigands
  A wyvern zombie (D:7)
  2 bullfrogs
  A gnoll sergeant (D:8)
  A scorpion (D:4)
  Dowan (D:4)
  2 killer bees (D:10)
  A water moccasin skeleton (D:5)
  7 wights
  A howler monkey (D:7)
  4 jellies
  2 centaur zombies
  Crazy Yiuf (D:2)
  2 centaur skeletons
  2 orc priests
  2 iguanas
  A gnoll shaman (D:6)
  Ijyb (D:3)
  4 orc wizards
  11 mummies (Ossuary)
  10 gnolls
  4 adders
  2 worms
  4 dart slugs
  22 orcs
  3 bats (D:2)
  3 endoplasms
  2 giant cockroaches
  10 goblins
  2 hobgoblins
  6 jackals
  4 quokkas
  3 ball pythons (D:3)
  2 frilled lizards
  A gnoll skeleton (Ossuary)
  A goblin skeleton (Ossuary)
  9 kobolds
  2 kobold skeletons (Ossuary)
  4 orc skeletons (Ossuary)
  3 rats
  11 rat skeletons (Ossuary)
185 creatures vanquished.

Vanquished Creatures (collateral kills)
  A killer bee (D:10)
1 creature vanquished.

Grand Total: 186 creatures vanquished

Notes
Turn   | Place    | Note
-------+----------+-------------------------------------------
     0 | D:1      | rogsnak the Gnoll Hedge Wizard began the quest for the Orb.
     0 | D:1      | Reached XP level 1. HP: 13/13 MP: 8/8
   662 | D:2      | Reached XP level 2. HP: 16/20 MP: 3/10
  1166 | D:2      | Noticed a golden eye
  1168 | D:2      | Found a faded altar of an unknown god.
  1170 | D:2      | Noticed an eye of devastation
  1170 | D:2      | Noticed a shining eye
  1170 | D:2      | Noticed a great orb of eyes
  1303 | D:2      | Reached XP level 3. HP: 25/25 MP: 6/11
  1400 | D:2      | Found a runed translucent door.
  1404 | D:2      | Learned a level 2 spell: Blink
  1408 | D:2      | Learned a level 3 spell: Mephitic Cloud
  1408 | D:2      | Noticed Crazy Yiuf
  1426 | D:2      | Killed Crazy Yiuf
  1427 | D:2      | Reached skill level 1 in Fighting
  1427 | D:2      | Reached skill level 1 in Short Blades
  1427 | D:2      | Reached skill level 1 in Long Blades
  1427 | D:2      | Reached skill level 1 in Axes
  1427 | D:2      | Reached skill level 1 in Maces & Flails
  1427 | D:2      | Reached skill level 1 in Polearms
  1427 | D:2      | Reached skill level 1 in Staves
  1427 | D:2      | Reached skill level 1 in Slings
  1427 | D:2      | Reached skill level 1 in Bows
  1427 | D:2      | Reached skill level 1 in Crossbows
  1427 | D:2      | Reached skill level 1 in Throwing
  1427 | D:2      | Reached skill level 1 in Armour
  1427 | D:2      | Reached skill level 1 in Shields
  1427 | D:2      | Reached skill level 1 in Unarmed Combat
  1427 | D:2      | Reached skill level 1 in Invocations
  1427 | D:2      | Reached skill level 1 in Evocations
  1884 | D:2      | Reached XP level 4. HP: 31/32 MP: 13/13
  2301 | D:3      | Found a large runed translucent door.
  2302 | D:3      | Found a large runed translucent door.
  2358 | D:3      | Noticed Ijyb
  2373 | D:3      | Reached skill level 1 in Hexes
  2373 | D:3      | Reached skill level 1 in Necromancy
  2373 | D:3      | Reached skill level 1 in Transmutations
  2373 | D:3      | Reached skill level 1 in Fire Magic
  2373 | D:3      | Reached skill level 1 in Ice Magic
  2373 | D:3      | Reached skill level 1 in Air Magic
  2373 | D:3      | Reached skill level 1 in Earth Magic
  2373 | D:3      | Reached skill level 1 in Poison Magic
  2376 | D:3      | Killed Ijyb
  2384 | D:3      | Reached XP level 5. HP: 37/37 MP: 4/14
  3406 | D:3      | Found a shadowy altar of Dithmenos.
  3428 | D:3      | Found a stormy altar of Qazlal.
  3595 | D:4      | Noticed Duvessa
  3595 | D:4      | Noticed Dowan
  3611 | D:4      | Killed Dowan
  3612 | D:4      | Reached XP level 6. HP: 44/44 MP: 6/16
  3623 | D:4      | Killed Duvessa
  3624 | D:4      | Reached skill level 5 in Dodging
  3900 | D:4      | Found a staircase to the Ecumenical Temple.
  3905 | Temple   | Entered the Ecumenical Temple
  3918 | Temple   | Became a worshipper of Sif Muna the Loreminder
  3991 | D:4      | Reached XP level 7. HP: 46/50 MP: 18/18
  4023 | D:4      | Found an iron altar of Okawaru.
  4453 | D:5      | Entered Level 5 of the Dungeon
  4849 | D:5      | Noticed Pikel
  4975 | D:5      | Noticed Edmund
  4985 | D:5      | Killed Edmund
  4986 | D:5      | Reached skill level 5 in Stealth
  5177 | D:5      | Killed Pikel
  5178 | D:5      | Reached XP level 8. HP: 35/58 MP: 11/19
  5596 | D:5      | Found a white marble altar of Elyvilon.
  5894 | D:6      | Noticed Blork the orc
  5902 | D:5      | Learned a level 4 spell: Flame Wave
  5911 | D:6      | Reached skill level 8 in Spellcasting
  5911 | D:6      | Killed Blork the orc
  5914 | D:6      | HP: 2/58 [poisoned by a kobold brigand]
  6678 | D:6      | Found Dulaty's Weapon Emporium.
  6684 | D:6      | Noticed Eustachio
  6759 | D:6      | Identified the +1 leather armour of Fedhas's Benevolence
                  | {Slay+2}
  6774 | D:6      | Noticed Sigmund
  6841 | D:6      | Reached XP level 9. HP: 45/65 MP: 19/21
  6998 | D:6      | Found a shimmering altar of Xom.
  7112 | D:6      | Killed Sigmund
  7246 | D:6      | Killed Eustachio
  7733 | D:7      | Found a sand-covered staircase.
  7748 | Ossuary  | Entered an ossuary
  7915 | Ossuary  | Reached * piety under Sif Muna
  8679 | D:7      | Reached skill level 5 in Invocations
  9849 | D:8      | Reached ** piety under Sif Muna
  9855 | D:8      | Reached XP level 10. HP: 69/73 MP: 22/22
 10009 | D:8      | Found a basalt altar of Yredelemnul.
 10118 | D:8      | Reached skill level 5 in Fighting
 10118 | D:8      | Reached skill level 5 in Short Blades
 10118 | D:8      | Reached skill level 5 in Long Blades
 10118 | D:8      | Reached skill level 5 in Axes
 10118 | D:8      | Reached skill level 5 in Maces & Flails
 10118 | D:8      | Reached skill level 5 in Polearms
 10118 | D:8      | Reached skill level 5 in Staves
 10118 | D:8      | Reached skill level 5 in Slings
 10118 | D:8      | Reached skill level 5 in Bows
 10118 | D:8      | Reached skill level 5 in Crossbows
 10118 | D:8      | Reached skill level 5 in Throwing
 10118 | D:8      | Reached skill level 5 in Armour
 10118 | D:8      | Reached skill level 5 in Shields
 10118 | D:8      | Reached skill level 5 in Unarmed Combat
 10118 | D:8      | Reached skill level 5 in Evocations
 10570 | D:8      | Found a burning altar of Makhleb.
 10843 | D:9      | Noticed a +0 dagger
 10843 | D:9      | Noticed a +0 dagger
 10844 | D:9      | Found a hide-covered altar of Uskayaw.
 11224 | D:9      | Reached skill level 9 in Spellcasting
 11288 | D:9      | Found a hazy altar of Hepliaklqana.
 11627 | D:9      | Found a staircase to the Orcish Mines.
 11823 | D:9      | Found a snail-covered altar of Cheibriados.
 11967 | D:10     | Entered Level 10 of the Dungeon
 12012 | D:10     | Reached skill level 5 in Conjurations
 12012 | D:10     | Reached skill level 5 in Summonings
 12012 | D:10     | Reached skill level 5 in Translocations
 12157 | D:10     | Found a staircase to the Lair.
 12159 | D:10     | Noticed a death yak
 12172 | D:10     | Noticed a death yak
 12173 | D:10     | Noticed a death yak
 12289 | D:10     | Noticed a five-headed hydra
 12331 | D:10     | Noticed a death yak
 12333 | D:10     | Noticed a death yak
 12337 | D:10     | Noticed a death yak
 12451 | D:9      | Slain by a death yak

Illustrated notes

Levels and vault maps discovered:
D:1:      saegor_arrival_simple_d, layout_basic
D:2:      layout_basic, hellmonk_ecumenical_altar_watching_god, chequers_garden,
          uniq_crazy_yiuf_cottage
D:3:      kennysheep_the_goblin_king, layout_basic, jmf_multi_god_temple2,
          lemuel_another_geyser
D:4:      layout_basic, mainiacjoe_overflow_alcove_4,
          minmay_temple_entry_nine_rooms, kennysheep_big_empty_room,
          uniq_duvessa
D:5:      layout_basic, mainiacjoe_overflow_alcove_2,
          amcnicky_mini_rare_corridor_liquid, uniq_pikel, uniq_edmund
D:6:      layout_cave_pods, mainiacjoe_overflow_alcove_1, serial_shops,
          nicolae_shop_competitors_out_of_business, uniq_eustachio,
          uniq_blork_the_orc, uniq_sigmund
D:7:      layout_layer_cave, enter_ossuary_5
D:8:      layout_cave_pools, lightli_temple_of_fire,
          mainiacjoe_overflow_cross_hatched, serial_rivers,
          chequers_serial_rivers_micro_b, chequers_serial_rivers_micro_e,
          chequers_serial_rivers_large_a, chequers_serial_rivers_micro_b,
          chequers_serial_rivers_small_b, st_stairs_5, bh_walls_and_bars
D:9:      layout_loops_ring, slow_altar_2, mainiacjoe_overflow_brackets,
          dancing_weapons_uskayaw, orc_0_dummy, grunt_decor_cap
D:10:     layout_gridville, dpeg_lair_monsters, chequers_serial_rivers_room_a
Temple:   nicolae_temple_hex_pool

Skill      XL: |  1  2  3  4  5  6  7  8  9 10 |
---------------+-------------------------------+-----
Conjurations   | 2 3 4 5 |  5.0
Summonings     | 2 3 4 5 |  5.0
Translocations | 2 3 4 5 |  5.0
Fighting       | 1 2 3 4 5 |  5.4
Short Blades   | 1 2 3 4 5 |  5.4
Long Blades    | 1 2 3 4 5 |  5.4
Axes           | 1 2 3 4 5 |  5.4
Maces & Flails | 1 2 3 4 5 |  5.4
Polearms       | 1 2 3 4 5 |  5.4
Staves         | 1 2 3 4 5 |  5.4
Slings         | 1 2 3 4 5 |  5.4
Bows           | 1 2 3 4 5 |  5.4
Crossbows      | 1 2 3 4 5 |  5.4
Throwing       | 1 2 3 4 5 |  5.4
Armour         | 1 2 3 4 5 |  5.4
Shields        | 1 2 3 4 5 |  5.4
Unarmed Combat | 1 2 3 4 5 |  5.4
Invocations    | 1 2 3 4 5 |  5.9
Evocations     | 1 2 3 4 5 |  5.4
Hexes          | 1 2 3 4 |  4.4
Necromancy     | 1 2 3 4 |  4.4
Transmutations | 1 2 3 4 |  4.4
Fire Magic     | 1 2 3 4 |  4.4
Ice Magic      | 1 2 3 4 |  4.4
Air Magic      | 1 2 3 4 |  4.4
Earth Magic    | 1 2 3 4 |  4.4
Poison Magic   | 1 2 3 4 |  4.4
Dodging        | 5 6 7 |  7.1
Stealth        | 5 6 |  6.9
Spellcasting   | 8 9 |  9.0

Action                   |  1- 3 |  4- 6 |  7- 9 | 10-12 || total
-------------------------+-------+-------+-------+-------++-------
Melee: Dagger            |     7 |       |       |       ||     7
       Short sword       |     8 |       |    86 |    19 ||   113
       Quarterstaff      |     3 |    18 |       |       ||    21
       Bite              |     1 |     5 |    22 |     5 ||    33
       Halberd           |       |    48 |   162 |    62 ||   272
       Staff             |       |     1 |       |       ||     1
       Spear             |       |       |       |     6 ||     6
       Punch             |       |       |       |     1 ||     1
 Cast: Magic Dart        |    61 |    59 |    60 |    37 ||   217
       Mephitic Cloud    |     1 |     6 |    27 |    20 ||    54
       Flame Wave        |       |       |     5 |     1 ||     6
       Blink             |       |       |       |     3 ||     3
Evoke: Wand              |       |       |       |    12 ||    12
 Stab: Sleeping          |       |     6 |     9 |     4 ||    19
       Confused          |       |     5 |    10 |     8 ||    23
       Distracted        |       |       |     2 |     1 ||     3
Armor: Robe              |     3 |    13 |     8 |       ||    24
       Leather armour    |       |       |    30 |    13 ||    43
Dodge: Dodged            |    10 |    40 |   110 |    33 ||   193

Table legend: (Time is in decaauts)
 A = Elapsed time spent in this place.
 B = Non-inter-level travel time spent in this place.
 C = Inter-level travel time spent in this place.
 D = Time resting spent in this place.
 E = Time spent auto-exploring this place.
 F = Levels seen in this place.
 G = Mean time per level.
                   A        B        C        D        E       F      G
               +--------+--------+--------+--------+--------+-----+--------+
         Total |  12522 |  12214 |    308 |   1536 |   8095 |  12 | 1043.5 |
       Dungeon |  11796 |  11488 |    308 |   1328 |   7822 |  10 | 1179.6 |
        Temple |     25 |     25 |      0 |      0 |      2 |   1 |   25.0 |
       Ossuary |    700 |    700 |      0 |    208 |    271 |   1 |  700.0 |
               +--------+--------+--------+--------+--------+-----+--------+

Top non-repeatable levels by time:
     D:5: 1937 daAuts
     D:2: 1495 daAuts
     D:8: 1398 daAuts
     D:3: 1357 daAuts
     D:7: 1327 daAuts
     D:9: 1210 daAuts
     D:6: 1136 daAuts
     D:4: 991 daAuts
 Ossuary: 700 daAuts
     D:1: 646 daAuts
    D:10: 295 daAuts
  Temple: 25 daAuts
